[Event "FRA-ch 91st"]
[Site "Agen"]
[Date "2016.08.18"]
[Round "6"]
[White "Fressinet, Laurent"]
[Black "Jolly, Jean Francois"]
[Result "1-0"]
[ECO "D38"]
[WhiteElo "2677"]
[BlackElo "2361"]
[Annotator "Besenthal,K/Primel,D"]
[PlyCount "121"]
[EventDate "2016.08.13"]
[EventType "tourn"]
[EventRounds "9"]
[EventCountry "FRA"]
[EventCategory "14"]
[SourceTitle "CBM 174"]
[Source "ChessBase"]
[SourceDate "2016.09.13"]
[SourceVersion "1"]
[SourceVersionDate "2016.09.13"]
[SourceQuality "1"]
[TimeControl "40/5400+30:1800+30"]

1. d4 Nf6 2. Nf3 e6 3. c4 d5 4. Nc3 Bb4 5. cxd5 exd5 6. Bg5 O-O 7. e3 c5 8. Be2 (8. dxc5 Nbd7 9. Rc1 Qa5 10. a3 Bxc3+ 11. Rxc3 Ne4
12. b4 Nxc3 13. Qa1 Qa4 14. Qxc3 a5 15. b5 Nxc5 16. Qxc5 Bf5 17. Qc3 Rfc8 18.
Qa1 Qc2 19. Nd4 Qc1+ 20. Qxc1 Rxc1+ 21. Kd2 Rac8 22. Nxf5 R8c2+ 23. Kd3 Rxf2
24. Ne7+ Kh8 25. g3 Ra1 26. Kd4 Rc1 27. Bg2 Rd2+ 28. Ke5 f6+ 29. Kd6 Rc3 30.
Rf1 h6 31. Rxf6 hxg5 32. Rf8+ Kh7 33. Bh3 g4 34. Bxg4 Rxe3 35. Bf5+ g6 36.
Bxg6+ Kg7 37. Rg8+ {1-0 (37) Aronian,L (2792)-Nakamura,H (2787) Leuven 2016})
8... Be6 9. dxc5 Bxc3+ 10.
bxc3 Nbd7 11. Qd4 Qa5 $146 (11... Qc7 12. Bxf6 Nxf6 13. Bd3 h6 14. O-O Rac8 15. Rab1 Nd7
16. e4 Nxc5 17. exd5 Bxd5 18. Qxd5 Rfd8 19. Qc4 Rxd3 20. Rfd1 Rxd1+ 21. Rxd1
Ne6 22. Qxc7 Rxc7 23. Rc1 Nf4 24. Nd4 Rc4 25. Kf1 Nd5 26. Ne2 b5 27. Ke1 a6 28.
Kd2 f5 29. Nd4 Nxc3 30. Kd3 Rxd4+ 31. Kxc3 Rc4+ 32. Kd2 Rxc1 {0-1 (32)
Yakovich,Y (2583)-Smirnov,P (2613) Tomsk 2006}) 12. Qb4 Qc7 13. O-O Rfc8 14. Nd4 Qxc5 15. Qxb7 Qxc3 16. Bf4 Nc5 17. Qe7 Nce4 18. Ba6 Re8 19. Qc7 Qxc7 $6 {[%emt 0:00:20] In dem jetzt entstehenden Endspiel
kann Schwarz nichts Aktives mehr unternehmen und wird von Fressinet
schließlich einfach zermürbt.} (19... Qa3 20. Bb7 Re7 21. Bxa8 Rxc7 22. Bxc7
{wollte sich Schwarz wohl nicht antun, doch nach} Ng4 {hätte der Nachziehende
eine gute Stellung gehabt.}) 20. Bxc7 Nc5 21.
Be2 Rec8 22. Bf4 $16 {[%emt 0:09:07][%csl
Re6] Les Blancs ont une bonne finale} Nfe4 23. Rfc1 Na4 24. Ba6 $1 $36 Rxc1+ 25. Rxc1 Nec5 26. Be2 Bd7 27. f3 Rc8 28. Bd6 Nb7 29. Rxc8+ Bxc8 30. Bb4 Bd7 31. Nb3 Nb6 32. Nc5 (32. Kf2) 32...
Nxc5 33. Bxc5 f6 34. Bd1 Kf7 35. Bb3 Be6 36. Kf2 Nc8 37. Ke2 a6 38. Kd3 Ne7 39. Kc3 Nc6 40. Ba4 Bd7 41. Bc2 g6 42. Bd3 Bc8 43. e4 Ne5 44. Bc2 Be6 45. a3 {[%emt 0:00:44] In dieser Stellung ist
Schwarz der Verteidiger - nach langem Kampf scheitert er schließlich an der
Aufgabe, mit dem kurzschrittigen Springer die Stellung zusammenzuhalten. Weiß
muss dafür nicht viel mehr tun als einfach geschickt zu manövrieren. Man
sieht auch hier wieder: Verteidigen ist viel anstrengender als anzugreifen.} h5
{[%emt 0:01:53] '?!' Diese Lockerung der schwarzen Struktur dürfte die
Chancen von Weiß tendenziell verbessern.} 46. Bd4 (46. f4 Nc6
47. g3 dxe4 48. Bxe4 Bd7 49. Bd5+ Kg7 $16 {halten die Computer für die
stärkste Fortsetzung, doch auch hier ist noch nicht erkennbar, wie Weiß die
Partie konkret gewinnen kann.}) 46... Nc6 (46... g5 $1 {
hätte den schwarzen Springer in seiner starken Position gehalten.}) 47. Bd3 dxe4 48. Bxe4 Ne7 $2 ({Notwendig war} 48... Bd7 49. Bd5+ Ke7 50. Bf2 Kd6 {und
Schwarz kann vor allem das Vordringen des weißen Königs verhindern.}) 49. Kb4 Bd7 {[%emt 0:02:09] '?!'} (49... Bf5 50. Bb7 Bd3 {war
stärker. Nach} 51. Ka5 $6 h4 52. Bxa6 Nc6+ 53. Kb6 Bxa6 54. Kxc6 Bf1 55. g3
hxg3 56. hxg3 Bg2 {könnte Weiß dann jedenfalls nicht gewinnen.}) 50. Bd3 a5+ (50... Bc8 51. Bc4+) 51. Kc5 {[%emt 0:00:
20] Der weiße König dringt entscheidend in die schwarze Stellung ein.} g5 52. Bc4+ Be6 53. Bb5 (53. Bxe6+ Kxe6 54. a4 {hätte auch zum Sieg gereicht, doch
Weiß möchte das Läuferpaar lieber noch behalten.}) 53... Nd5 54. a4 ({Hier war} 54. Kd6 $1 {gut.}) 54... h4 55. g3 hxg3 56. hxg3 f5 57. Bc4 Ne7 58. Be2 f4 59. g4 Bd7 60. Bd1 Nc8 61. Bc3 1-0

[Event "Khanty-Mansiysk FIDE GP (Women)"]
[Site "Khanty-Mansiysk"]
[Date "2014.04.12"]
[Round "4"]
[White "Dzagnidze, Nana"]
[Black "Kosintseva, Tatiana"]
[Result "1-0"]
[ECO "D38"]
[WhiteElo "2550"]
[BlackElo "2496"]
[Annotator "ChessBase Website"]
[PlyCount "77"]
[EventDate "2014.04.09"]
[EventType "tourn"]
[EventRounds "11"]
[EventCountry "RUS"]
[EventCategory "10"]
[SourceTitle "CBM 160"]
[Source "ChessBase"]
[SourceDate "2014.05.15"]
[SourceVersion "1"]
[SourceVersionDate "2014.05.15"]
[SourceQuality "1"]
[TimeControl "40/5400+30:1800+30"]
[WhiteClock "1:30:00"]
[BlackClock "1:30:00"]

1. d4 Nf6 2. c4 e6 3. Nf3 d5 4. Nc3 Bb4 5. Bg5 Nbd7 6. cxd5 exd5 7. e3 c5 8. Be2 Qa5 9. O-O Bxc3 10. bxc3 c4 11. Qc2 Ne4 12. Rac1 Nb6 13.
Bf4 O-O 14. Ne5 g5 (14... Re8 15. f3 Nd6 16. e4 Be6 17. Ng4 Nb5 18. Ne3 Rad8 19. Bg3 Qa3
20. Qd2 f6 21. e5 fxe5 22. Bxe5 Nd7 23. f4 Nxe5 24. fxe5 Rf8 25. Rxf8+ Rxf8 26.
Bf3 Nc7 27. Rb1 b5 28. Qb2 Qxb2 29. Rxb2 a5 30. a4 Rb8 31. axb5 Rxb5 32. Ra2
Kf8 33. Kf2 Ke7 34. Ke1 Na8 35. Nxc4 dxc4 36. Bxa8 Kd7 37. Be4 g6 38. Kd2 Bf5
39. Bxf5+ gxf5 40. Kc2 Kc6 41. Rb2 Rd5 42. Rb8 a4 43. Ra8 Rb5 44. Rxa4 {
Ding,L (2679)-Hou,Y (2623) Danzhou 2012 1-0}) 15. f3 Nxc3 16. Bxg5 Nxe2+ 17. Qxe2 f6 18. Bh6 fxe5 19. Bxf8 Kxf8 20. f4 e4
$146 (20... exd4 21. f5 Qc5 22. f6 d3 23. Qh5 Qxe3+ 24. Kh1 d2
25. Rc3 d1=Q 26. Rxd1 Qxc3 27. Qh6+ Kf7 28. Qg7+ Ke6 29. Qe7+ Kf5 30. Rf1+ Kg4
31. Qg7+ Kh5 32. Qxh7+ {1-0 (32) Shimanov,A (2596)-Wei,Y (2418) Athens 2012})
21. Qh5 {[%emt 0:26:37] Dzagnidze sacrificed two pieces for a rook in a
topical line of the Ragozin. The Georgian came with excellent preparation, and
Kosintseva was simply not able to find the most accurate defenses in such a
complicated position. It is possible that the entire line is bad for black,
but only time will tell on that one. Today it was a beautiful example of home
preparation paying off.} Qa3 22. f5 Qxe3+ 23. Kh1 h6 24. Qg6 Qg5 25. Qd6+ Kf7 $2 (25... Qe7) 26. f6 Bd7 27. Rc3 Re8 28. Rg3 Bg4 29. h3 h5 30. Qc7+ Ke6 31. hxg4 hxg4 32. Kg1 Qd2 33. Qe5+ Kd7 34. f7 Rf8 35. Qg7 Ke7 36. Qf6+ Kd7 37. Rxg4 Qe3+ 38. Kh2 Qa3 39. Rg8 1-0

[Event "EU-ch 12th"]
[Site "Aix les Bains"]
[Date "2011.03.27"]
[Round "6"]
[White "Nielsen, Peter Heine"]
[Black "Palac, Mladen"]
[Result "1/2-1/2"]
[ECO "D38"]
[WhiteElo "2670"]
[BlackElo "2586"]
[Annotator "Marchand,A/Primel,D"]
[PlyCount "53"]
[EventDate "2011.03.22"]
[EventType "swiss"]
[EventRounds "11"]
[EventCountry "FRA"]
[SourceTitle "CBM 142 Extra"]
[Source "ChessBase"]
[SourceDate "2011.06.27"]
[SourceVersion "1"]
[SourceVersionDate "2011.06.27"]
[SourceQuality "1"]
[TimeControl "40/5400+30:1800+30"]

1. d4 Nf6 2. c4 e6 3. Nf3 d5 4. Nc3 Bb4 5. cxd5 {92} exd5 {92} 6. Bg5 h6 7. Bh4
c5 8. e3 g5 9. Bg3 Ne4 10. Rc1 {94} c4 {78} 11. Be2 Qa5 12. Ne5 ({RR} 12. O-O
Bxc3 13. bxc3 Nxc3 14. Rxc3 Qxc3 15. Ne5 O-O 16. Bh5 Be6 17. Bg6 Nd7 18. Nxd7
Bxd7 19. Qh5 Rae8 20. Bb1 Re6 21. h4 Ba4 22. hxg5 Bc2 23. gxh6 Bxb1 24. Rxb1 b6
25. Bf4 Qd3 26. Rc1 c3 {Riazantsev,A (2674)-Onischuk,A (2699)/Poikovsky 2010/
CBM 137/1/2-1/2 (33)}) 12... Nc6 13. O-O Bxc3 14. bxc3 Nxc3 {Une nouveauté
jouée 04 jours plus tôt!} (14... Bf5 15. Bg4 Ne7 $6 {Ding,L (2664)-Ni Hua 
(2661) Shenzhen Celebrity 1st rapid 2011 (7) 0-1} (15... Bxg4 $142 16. Qxg4 )) (14... O-O) 15. Rxc3 {89} (15. Qc2 $5 $146 {[%cal
Gc2a2] Le sacrifice de qualité n'était pas forcément indispensable} Nxe2+ (
15... Nxa2 $2 16. Nxf7 Nxc1 17. Rxc1 Kxf7 18. Bh5+ Ke7 (18... Kg7 19. Qg6+) 19.
Qg6) (15... Ne4 16. Nxc4 ) 16. Qxe2 Nxe5 (16... Be6 17. e4 $1 Nxd4 18. Qe3 Nc6 (18... Qb6 19. exd5) 19. exd5 Qxd5 20. Rfd1 ) 17. Bxe5 O-O 18. f4 g4 19. f5 $1
{[%csl Rc8][%cal Gh2h3] Coupant le B de la défense de l'aile-roi} h5 20. h3 $1
{[%csl Ra5] Avec un gros retard de développement et une Qa5 hors-jeu,
l'attaque Blanche est trés forte} f6 $1 21. hxg4 $5 (21. Bd6 Rf7 22. hxg4 Qd8
23. Bf4 Rg7 24. e4 Rxg4 25. e5) (21. Bg3 Bd7 22. hxg4 Qa3 (22... hxg4 23. Qxg4+
) 23. gxh5 Rae8 24. Bf4 Bxf5 25. Bh6 Rf7 26. Rxf5 Qxc1+ 27. Kh2 Kh7 28. Qf3
Kxh6 29. Rxf6+ Rxf6 30. Qxf6+ Kxh5 31. Qf5+ {Forçant la nulle}) 21... fxe5 22.
dxe5 $44 (22. gxh5 Bxf5 23. Rxf5) 22... Qc7 23. e6 Qe5 24. e4 $3 Bxe6 $1 {
Les Noirs doivent rendre du matériel pour soulager la défense} (24... Rf6 25.
g5) (24... dxe4 25. Qxc4 ) (24... hxg4 $6 25. Qxg4+) 25.
fxe6 Qxe6 26. Qd2 hxg4 27. Qg5+ Kh7 28. Rb1 b6 29. exd5 $36 ) 15... Qxc3 {34 Les Noirs sont en grand retard а la pendule} 16.
Bh5 O-O 17. Bxf7+ $146 (17. Qf3 {[%csl Rf7] Ramène une pièce supplémentaire en
attaque} Nd8 (17... Kg7) (17... Be6 18. Qf6 Kh7 19. Bg6+ $1) (
17... Nxe5 18. Bxe5 Qd3 19. Qf6 Qh7 20. f4 ) 18. Qf6
Qc2 19. Ng4 {Topalov,V (2775)-Aronian,L (2808) Amber-blindfold 20th rapid 2011
(10) 0-1}) 17... Rxf7 18. Nxf7 Kxf7 19. Qf3+ Kg7 20. Qxd5 Qd3 {Les Noirs
n'avaient plus que 06 mns pour passer le contrôle de temps} 21. Be5+ Nxe5 22. Qxe5+ Kg8 23. Qe8+ (23. f4 {[%csl Gf1] Plus risqué mais
probablement jouable pour les Blancs afin d'activer la R} Qg6 $1 24. fxg5 Bg4
$1 25. gxh6 Re8 26. Qd5+ Be6 27. Qxb7 Qxh6 28. Rf3 Kh8 (28... c3
29. Rg3+ Kh8 30. Qc7 Rg8 (30... Rc8 31. Qe5+) 31. Rxg8+ Kxg8 32. Qxc3 $11) 29.
d5) 23... Kg7 24. Qe7+ Kg8 25. Qe8+ Kg7 26. Qe7+ Kg8 27. Qe8+ 1/2-1/2

[Event "EU-ch 12th"]
[Site "Aix les Bains"]
[Date "2011.03.23"]
[Round "2"]
[White "Cmilyte, Viktorija"]
[Black "Pashikian, Arman"]
[Result "1/2-1/2"]
[ECO "D38"]
[WhiteElo "2526"]
[BlackElo "2642"]
[Annotator "Marchand,A/Primel,D"]
[PlyCount "73"]
[EventDate "2011.03.22"]
[EventType "swiss"]
[EventRounds "11"]
[EventCountry "FRA"]
[SourceTitle "CBM 142 Extra"]
[Source "ChessBase"]
[SourceDate "2011.06.27"]
[SourceVersion "1"]
[SourceVersionDate "2011.06.27"]
[SourceQuality "1"]
[TimeControl "40/5400+30:1800+30"]

1. d4 Nf6 2. c4 e6 3. Nf3 d5 4. Nc3 Bb4 5. cxd5 exd5 6. Bg5 h6 (6... Nbd7 7. e3
c5 8. dxc5 Qa5 (8... O-O 9. Rc1 Nxc5 (9... Qa5) 10. Qd4 Bxc3+ 11. Qxc3 Nce4 12.
Bxf6) 9. Rc1 O-O 10. Nd2) 7. Bxf6 (7. Bh4 c5 8. e3 g5 9. Bg3 Ne4 $132 (9... c4)
) 7... Qxf6 8. Qb3 c5 9. e3 O-O 10. a3 Bxc3+ 11. Qxc3 Nd7 ({RR} 11... b6 12. Be2 Nc6 13. Bb5 Ne7 14. dxc5 Qxc3+ 15. bxc3
bxc5 16. Ke2 Be6 17. Rhb1 Rfb8 18. a4 f6 19. Bd3 Kf7 20. Kd2 Nc8 21. Rb5 Rxb5
22. axb5 Rb8 23. Nh4 Rb7 24. Ra6 Bd7 25. Nf5 Rb6 26. Ra5 {Gajewski,G (2577)
-Morozevich, A (2787)/Dresden 2008/CBM 128/1/2-1/2 (56)}) 12. Be2 a6 ({RR} 12... c4 13. b3 cxb3 14. Qxb3 Qd6 15. Qb4 Qb8 16. O-O Nf6 17.
Rfc1 Bg4 18. Rab1 Bf5 19. Rb3 Rc8 20. Rxc8+ Bxc8 21. Qe7 Bd7 22. Ne5 Qe8 23.
Qxe8+ Bxe8 24. Rxb7 Rc8 25. f3 a5 26. Bb5 Rc3 27. a4 {Miles,A (2560)-Silman,J 
(2370)/Lone Pine 1979/MCL/[ChessBase]/1-0 (39)}) ({RR} 12... b6 13. O-O Bb7 14.
Rac1 c4 15. a4 {1/2-1/2 Iturrizaga Bonelli,E (2528)-Cornette,M (2573)/Salou
2009/ CBM 130 Extra}) 13. O-O b6 14. b3 Bb7 15. Rfc1 Rfc8 16. dxc5 bxc5 $146 (
16... Qxc3 {Vasquez,R (2445)-Mitkov,N (2515) Elista ol (Men) 1998 (11) 1/2})
17. b4 Qxc3 18. Rxc3 c4 19. Nd4 g6 20. h4 a5
21. Rb1 axb4 22. Rxb4 Nc5 23. h5 Ra4 24. hxg6 fxg6 25. Bg4 Rca8 26. Rxb7 Nxb7 27. Be6+ Kg7 28. Bxd5 R8a7 (28... Rb8) 29. Bc6 R4a5 30. Nb5
R7a6 31. Bxb7 Rb6 32. Be4 Rbxb5 33. Rxc4 Rc5 34. Rb4 Rcb5 35.
Rc4 Rc5 36. Rb4 Rcb5 37. Rc4 1/2-1/2